 Dungeon Crawl Stone Soup version 0.30.1-11-g7821555f0a (webtiles) character file.

Game seed: 15398148100950981969

139 anacleto the Shooter (level 5, 0/27 HPs)
             Began as a Spriggan Hunter on Dec 9, 2023.
             Slain by a sleepcap (3 damage)
             ... on level 4 of the Dungeon.
             The game lasted 00:06:15 (2413 turns).

anacleto the Shooter (Spriggan Hunter)              Turns: 2413, Time: 00:06:16

Health: 0/27       AC:  3    Str: 13    XL:     5   Next: 1%
Magic:  6/6        EV: 19    Int: 11    God:
Gold:   221        SH:  0    Dex: 20    Spells: 4/4 levels left

rFire   . . .        a - +0 shortbow
rCold   . . .        (shield currently unavailable)
rNeg    . . .        c - +0 robe
rPois   .            (helmet restricted)
rElec   .            o - +0 cloak
rCorr   .            (gloves unavailable)
SInv    +            (boots unavailable)
Will    .....        (no amulet)
Stlth   +++          j - +6 ring of strength
HPRegen 0.24/turn    (no ring)
MPRegen 0.10/turn

%: no passive effects
@: very quick
A: very small, no large weapons, unfitting armour, see invisible, speed 3
a: no special abilities


You were on level 4 of the Dungeon.
You visited 1 branch of the dungeon, and saw 4 of its levels.

You collected 221 gold pieces.

Inventory:

Hand Weapons
 a - a +0 shortbow (weapon)
Missiles
 n - 20 stones
 p - 6 curare-tipped darts
 q - 2 throwing nets
 s - 4 atropa-tipped darts
Armour
 c - a +0 robe (worn)
 o - a +0 cloak (worn)
Jewellery
 j - a +6 ring of strength (left hand)
 m - a +5 ring of evasion
Scrolls
 b - a scroll of immolation
 d - 2 scrolls of vulnerability {unknown}
 e - 2 scrolls of fog {unknown}
 f - a scroll of fear {unknown}
 g - 3 scrolls of identify {unknown}
 h - 2 scrolls of noise {unknown}
 i - a scroll of teleportation {unknown}
 k - a scroll of enchant armour {unknown}
 t - a scroll of amnesia {unknown}
 u - a scroll of poison {unknown}
Potions
 l - a potion of degeneration {unknown}
 r - a potion of brilliance {unknown}


   Skills:
 + Level 2.3 Fighting
 * Level 5.0 Ranged Weapons
 + Level 3.9 Dodging
 + Level 3.6 Stealth


You had 4 spell levels left.
You didn't know any spells.
Your spell library contained the following spells:

 Spells                   Type           Power      Damage    Failure   Level
 Shock                    Conj/Air       0%         1d3       34%         1
 Swiftness                Air            0%         N/A       71%         3
 Airstrike                Air            0%         2d(0-16)  98%         4


Dungeon Overview and Level Annotations

Branches:
Dungeon (4/15)
 Temple: D:4-7

Altars:

Annotations:
D:4 Sigmund


Innate Abilities, Weirdness & Mutations

You are very small and have problems with some larger weapons.
You are too small for most types of armour.
You have supernaturally acute eyesight. (SInv)
You cover ground extremely quickly. (Speed+++)


Message History

a +0 robe; a +0 dagger; the human skeleton of Jessica
There is a stone staircase leading down here.
You climb downwards.
Level annotation: Sigmund
Found four items.
There is a stone staircase leading up here.
Fire: a) +0 shortbow
Press: ? - help, Q - select action, (/) - cycle Shift-Dir - straight line, f - sleepcap
Aim: a sleepcap (dormant, 98% to hit)
You shoot an arrow. The arrow hits the sleepcap.
The sleepcap is lightly damaged.
Fire: a) +0 shortbow
Press: ? - help, Q - select action, (/) - cycle Shift-Dir - straight line, f/p - sleepcap
Aim: a sleepcap (lightly damaged, 98% to hit)
You shoot an arrow. The arrow hits the sleepcap!
The sleepcap is heavily damaged.
Fire: a) +0 shortbow
Press: ? - help, Q - select action, (/) - cycle Shift-Dir - straight line, f/p - sleepcap
Aim: a sleepcap (heavily damaged, 98% to hit)
You shoot an arrow. The arrow hits the sleepcap.
The sleepcap is severely damaged.
The sleepcap releases spores at you.
You are engulfed in a cloud of soporific spores!
You fall asleep.
You stop ascending the stairs.
The sleepcap releases spores at you but does no damage.
The sleepcap releases spores at you!!
You wake up.
Ouch! That really hurt!
* * * LOW HITPOINT WARNING * * *
You are engulfed in a cloud of soporific spores!
You are unaffected.
Fire: a) +0 shortbow
Press: ? - help, Q - select action, (/) - cycle Shift-Dir - straight line, f/p - sleepcap
Aim: a sleepcap (severely damaged, 98% to hit)
You shoot an arrow.
The arrow hits the sleepcap but does no damage.
The sleepcap is severely damaged.
The sleepcap completely misses you. The sleepcap releases spores at you.
You die...

.. ..# #. ?.# #
##... #. #...
#. ##..# .. ..#
...###### ..
.....##........
.. .....!f@.#
.. ..(.!###.#
.. ... .# . .#
.# .. .. ..


You could see a sleepcap.

Vanquished Creatures
  Jessica (D:3)
  2 adders
  4 gnolls (D:3)
  2 worms (D:2)
  A dart slug (D:2)
  6 endoplasms
  2 goblins
  5 hobgoblins
  8 jackals
  3 kobolds
  4 quokkas (D:2)
  4 ball pythons
  2 frilled lizards
  3 rats
47 creatures vanquished.

Notes
Turn   | Place    | Note
-------+----------+-------------------------------------------
     0 | D:1      | anacleto the Spriggan Hunter began the quest for the Orb.
     0 | D:1      | Reached XP level 1. HP: 10/10 MP: 2/2
   188 | D:1      | Reached XP level 2. HP: 15/15 MP: 3/3
   379 | D:1      | You fall into a shaft and drop 1 floor!
   618 | D:2      | Reached XP level 3. HP: 18/18 MP: 4/4
  1419 | D:3      | Reached XP level 4. HP: 23/23 MP: 5/5
  1858 | D:3      | Noticed Jessica
  1862 | D:3      | Killed Jessica
  1891 | D:3      | Reached skill level 5 in Ranged Weapons
  2151 | D:3      | Reached XP level 5. HP: 27/27 MP: 6/6
  2364 | D:4      | Noticed Sigmund
  2413 | D:4      | Slain by a sleepcap

Illustrated notes

Levels and vault maps discovered:
D:1:      wander_arrival_estate, layout_rooms
D:2:      layout_basic, serial_forest, infiniplex_forest_lined_3,
          infiniplex_forest_straight_1, infiniplex_forest_clump_diagonal,
          infiniplex_forest_lined_3, infiniplex_forest_clump_tiny,
          infiniplex_forest_lined_corner, infiniplex_forest_diagonal,
          infiniplex_forest_zigzag_2, infiniplex_forest_lined_1,
          nicolae_concentric_dashed_squares_mild, hangedman_decor_diamond_cutter
D:3:      layout_loops_corners, uniq_jessica
D:4:      layout_rooms, uniq_robin, uniq_edmund, uniq_sigmund, uniq_natasha

Skill      XL: |  1  2  3  4 |
---------------+-------------+-----
Stealth        | 2 3 |  3.6
Dodging        | 3 |  3.9
Fighting       | 2 |  2.3
Ranged Weapons | 5 |  5.0

Action                     |  1- 3 |  4- 6 || total
---------------------------+-------+-------++-------
   Fire: Shortbow          |    73 |    54 ||   127
  Throw: Throwing net      |       |     1 ||     1
 Armour: Robe              |       |     1 ||     1
  Dodge: Dodged            |     7 |    21 ||    28
